 Dungeon Crawl Stone Soup version 0.19.1-1-g22dce08 (webtiles) character file.

419 Alarkh the Chopper (level 6, -1/47 HPs)
             Began as a Demonspawn Monk on Jan 7, 2017.
             Splashed by a jelly's acid (9 damage)
             ... on level 7 of the Dungeon.
             The game lasted 00:05:56 (4416 turns).

Alarkh the Chopper (Demonspawn Monk)                Turns: 4416, Time: 00:05:57

Health: -1/47      AC: -4    Str: 11 (12) XL:     6   Next: 62%
Magic:  6/6        EV:  9    Int: 12 (13) God:
Gold:   164        SH:  0    Dex: 14 (15) Spells: 0 memorised, 5 levels left

rFire  + . .     SeeInvis .     a - +0 hand axe
rCold  . . .     Gourm    .     r - +1 scale mail {rF+}
rNeg   . . .     Faith    .     (no shield)
rPois  .         Spirit   .     (helmet restricted)
rElec  .         Reflect  .     (no cloak)
rCorr  .         Harm     .     h - +1 pair of gloves
MR     .....                    (no boots)
Stlth  +.........               m - amulet of magic regeneration
                                (no ring)
                                (no ring)

@: corroded
A: antennae 1, yellow scales 2
a: no special abilities


You were on level 7 of the Dungeon.
You were not hungry.

You visited 1 branch of the dungeon, and saw 7 of its levels.

You collected 164 gold pieces.

Inventory:

Hand Weapons
 a - a +0 hand axe (weapon)
Armour
 b - a +0 robe
 d - a +0 leather armour of cold resistance
 g - a +0 scale mail
 h - a +1 pair of gloves (worn)
 r - a +1 scale mail of fire resistance (worn)
Jewellery
 m - an amulet of magic regeneration (around neck)
 t - a cursed ring of teleportation {unknown}
Wands
 p - a wand of polymorph (0/24)
Scrolls
 e - a scroll of identify
 j - 2 scrolls of immolation {unknown}
 k - 2 scrolls of magic mapping {unknown}
 n - 2 scrolls of random uselessness {unknown}
 q - a scroll of teleportation {unknown}
Potions
 f - a potion of curing
 l - a potion of resistance
 o - 2 potions of cancellation
Comestibles
 c - 2 bread rations
 s - a slice of pizza
 u - 4 chunks of flesh


   Skills:
 - Level 3.0 Fighting
 + Level 6.9 Axes
 - Level 2.6 Dodging
 - Level 1.7 Stealth


You had 5 spell levels left.
You didn't know any spells.

Dungeon Overview and Level Annotations

Branches:
Dungeon (7/15)
 Temple: D:4-7

Altars:
Fedhas
Gozag

Annotations:
D:4 exclusion: downstairs, Alarkh's ghost, amateur DsMo


Innate Abilities, Weirdness & Mutations

You have a pair of small antennae on your head.
You are mostly covered in yellow scales. (AC +3)


Message History

The acid burns!
You hit the jelly but do no damage. The acid corrodes you!
Your hands burn!
The jelly is moderately wounded.
The jelly barely misses you.
You hit the jelly.
Your hands burn!
The jelly is heavily wounded.
The jelly barely misses you.
You hit the jelly but do no damage. The acid corrodes you!
Your hands burn!
The jelly is heavily wounded.
The jelly hits you. The acid corrodes you!
You are splashed with acid!
The acid burns!
* * * LOW HITPOINT WARNING * * *
You are too injured to fight recklessly!
Okay, then.
There is an open door here.
There is a stone staircase leading up here.
The jelly hits you.
* * * LOW HITPOINT WARNING * * *
The acid corrodes you!
You are splashed with acid!
The acid burns!
You die...

...........#
...........#
.....=.....#
...........#
...........#
...........#
...........#
########J###
#@# ###


You could see a jelly.

Vanquished Creatures
  2 hounds
  An orc priest (D:4)
  5 orc wizards
  Terence (D:2)
  A worker ant (D:4)
  3 adders (D:4)
  An ooze (D:3)
  3 worms
  5 dart slugs
  A leopard gecko (D:3)
  18 orcs
  3 ball pythons
  7 bats
  2 giant cockroaches (D:3)
  5 goblins
  7 hobgoblins
  3 jackals (D:2)
  3 quokkas
  5 frilled lizards
  11 kobolds
  A leopard gecko skeleton (D:4)
  5 rats
93 creatures vanquished.

Notes
Turn   | Place    | Note
-------+----------+-------------------------------------------
     0 | D:1      | Alarkh the Demonspawn Monk began the quest for the Orb.
     0 | D:1      | Reached XP level 1. HP: 18/18 MP: 1/1
   103 | D:1      | Reached skill level 3 in Axes
   119 | D:1      | Gained mutation: You are partially covered in yellow scales. (AC +2) [demonic ancestry]
   119 | D:1      | Reached XP level 2. HP: 23/24 MP: 2/2
  1123 | D:2      | Gained mutation: You are mostly covered in yellow scales. (AC +3) [demonic ancestry]
  1123 | D:2      | Reached XP level 3. HP: 27/29 MP: 3/3
  1320 | D:2      | Reached skill level 4 in Axes
  1798 | D:3      | Gained mutation: You have a pair of small antennae on your head. [demonic ancestry]
  1798 | D:3      | Reached XP level 4. HP: 5/35 MP: 4/4
  2118 | D:3      | Reached skill level 5 in Axes
  2305 | D:3      | Noticed Terence
  2367 | D:2      | Killed Terence
  2367 | D:2      | Reached XP level 5. HP: 23/41 MP: 5/5
  2895 | D:3      | Found an opulent altar of Gozag.
  3186 | D:4      | Noticed an ogre
  3207 | D:4      | Reached skill level 6 in Axes
  3225 | D:4      | Reached XP level 6. HP: 47/47 MP: 6/6
  3521 | D:4      | Noticed Alarkh's ghost (amateur DsMo)
  3854 | D:4      | Found a blossoming altar of Fedhas.
  4201 | D:4      | Noticed a water moccasin
  4201 | D:4      | a tengu changed into a water moccasin
  4225 | D:5      | Entered Level 5 of the Dungeon
  4225 | D:5      | Noticed a sky beast
  4416 | D:7      | Splashed by a jelly's acid

Skill      XL: |  1  2  3  4  5 |
---------------+----------------+-----
Axes           | 3 4 5 6 |  6.9
Fighting       | |  3.0
Dodging        | |  2.6
Stealth        | |  1.7

Action                   |  1- 3 |  4- 6 || total
-------------------------+-------+-------++-------
Melee: Hand axe          |   155 |   342 ||   497
Evoke: Wand              |       |     5 ||     5
  Use: Scroll            |     3 |     1 ||     4
       Potion            |       |     4 ||     4
 Stab: Sleeping          |     2 |       ||     2
       Distracted        |       |     1 ||     1
  Eat: Chunk             |     3 |     9 ||    12
Armor: Robe              |     8 |       ||     8
       Scale mail        |    27 |   158 ||   185
       Leather armour    |    44 |    32 ||    76
Dodge: Dodged            |   113 |   179 ||   292
